 Dungeon Crawl Stone Soup version 0.24-a0-525-g9231cdcba1 (webtiles) character file.

Game seed: 12101001232540879533

370 KapersCrawl the Ducker (level 6, -2/32 HPs)
             Began as a Spriggan Berserker on Aug 3, 2019.
             Was a Believer of Trog.
             Slain by a worm (9 damage)
             ... on level 3 of the Dungeon.
             The game lasted 00:07:55 (2951 turns).

KapersCrawl the Ducker (Spriggan Berserker)         Turns: 2951, Time: 00:07:55

Health: -2/32      AC:  2    Str: 15    XL:     6   Next: 42%
Magic:  9/9        EV: 22    Int:  8    God:    Trog [**....]
Gold:   95         SH:  0    Dex: 16    Spells: 5/5 levels left

rFire    . . .     SeeInvis +   q - +0 short sword
rCold    . . .     Gourm    .   (shield restricted)
rNeg     . . .     Faith    .   b - +0 animal skin
rPois    .         Spirit   .   (helmet restricted)
rElec    .         Reflect  .   (no cloak)
rCorr    .         Harm     .   (gloves unavailable)
MR       +....                  (boots unavailable)
Stlth    +++.......             (no amulet)
HPRegen  0.10/turn              (no ring)
MPRegen  0.11/turn              (no ring)

@: very quick
A: very small, unfitting armour, see invisible, herbivore, speed 3, slow
metabolism 2
a: Berserk, Trog's Hand, Renounce Religion


You were on level 3 of the Dungeon.
You worshipped Trog.
Trog was pleased with you.
You were not hungry.

You visited 1 branch of the dungeon, and saw 3 of its levels.

You collected 95 gold pieces.

Inventory:

Hand Weapons
 q - a +0 short sword (weapon)
 w - a +0 hunting sling
Missiles
 h - 13 poisoned darts (quivered)
 j - 14 stones
Armour
 b - a +0 animal skin (worn)
 i - a +0 cloak
Wands
 k - a wand of iceblast (7)
Scrolls
 a - a scroll of blinking {unknown}
 d - a scroll of fear {unknown}
 g - a scroll of amnesia {unknown}
 m - a scroll of identify {unknown}
Potions
 e - a potion of lignification {unknown}
 f - a potion of invisibility {unknown}
 l - a potion of haste {unknown}
 n - a potion of ambrosia {unknown}
 o - a potion of might {unknown}
Comestibles
 c - 7 rations


   Skills:
 - Level 2.4 Fighting
 + Level 4.9 Short Blades
 + Level 1.0 Slings
 + Level 6.6 Dodging
 + Level 5.0 Stealth
 + Level 3.4 Evocations


You had 5 spell levels left.
You didn't know any spells.
Your spell library was empty.

Dungeon Overview and Level Annotations

Branches:
Dungeon (3/15)

Altars:
Kikubaaqudgha
Xom

Annotations:
D:1 exclusion: downstairs


Innate Abilities, Weirdness & Mutations

You are very small and have problems with some larger weapons.
You are too small for most types of armour.
You have supernaturally acute eyesight. (SInv)
You are a herbivore.
You cover ground extremely quickly.
You need to consume almost no food.


Message History

The worm is severely wounded.
The worm misses you.
You barely miss the worm.
The worm is heavily wounded.
You hit the worm but do no damage.
The worm is heavily wounded.
The worm bites you!
* * * LOW HITPOINT WARNING * * *
You hit the worm but do no damage.
The worm is heavily wounded.
You hit the worm.
The worm is severely wounded.
The worm bites you.
* * * LOW HITPOINT WARNING * * *
You barely miss the worm.
The worm is severely wounded.
You hit the worm.
The worm is severely wounded.
The worm bites you!
You die...

#.#....#..####.#
#.#....#.......###
#.#....#..........
#.###..###########
#.#......)........
#.#...############
##########.#...# ######
##.........w#...# ......
######.......#.#@#...#####.######
........####.#.#.#..........#....
#####......#(#.#.#..######..#....
#.....##.#.#)#..# #....
#............#..# #....
#..<...#.#.###..# #....
#..#...#....##..# #....
#.....##....##..# #....
#...........##..#


You could see a worm.

Vanquished Creatures
  Sigmund (D:2)
  An ogre (D:2)
  An orc wizard (D:3)
  4 adders (D:2)
  An ooze (D:2)
  2 worms
  8 orcs
  7 bats
  2 giant cockroaches (D:2)
  5 hobgoblins
  2 jackals (D:3)
  7 kobolds
  A quokka (D:2)
  A ball python (D:3)
  5 frilled lizards
  2 goblins
  7 rats
57 creatures vanquished.

Notes
Turn   | Place    | Note
-------+----------+-------------------------------------------
     0 | D:1      | KapersCrawl the Spriggan Berserker began the quest for the
                  | Orb.
     0 | D:1      | Reached XP level 1. HP: 11/11 MP: 2/2
   103 | D:1      | Reached skill level 1 in Stealth
   314 | D:1      | Reached XP level 2. HP: 13/16 MP: 3/3
   690 | D:2      | Reached skill level 5 in Dodging
   763 | D:2      | Reached XP level 3. HP: 18/19 MP: 4/4
  1242 | D:2      | Noticed Sigmund
  1294 | D:2      | Found a shimmering altar of Xom.
  1307 | D:2      | Reached ** piety under Trog
  1363 | D:2      | Found a shimmering altar of Xom.
  1363 | D:2      | Found a shimmering altar of Xom.
  1363 | D:2      | Found a shimmering altar of Xom.
  1374 | D:2      | Found a shimmering altar of Xom.
  1388 | D:2      | Reached skill level 1 in Evocations
  1431 | D:2      | Killed Sigmund
  1431 | D:2      | Reached skill level 6 in Dodging
  1431 | D:2      | Reached XP level 4. HP: 3/23 MP: 4/7
  1431 | D:2      | Reached XP level 5. HP: 4/27 MP: 4/8
  1756 | D:2      | Noticed an ogre
  1779 | D:2      | Killed an ogre
  1779 | D:2      | Reached XP level 6. HP: 32/32 MP: 9/9
  2083 | D:2      | Found an ancient bone altar of Kikubaaqudgha.
  2360 | D:3      | Reached skill level 5 in Stealth
  2495 | D:3      | Reached skill level 1 in Slings
  2951 | D:3      | Slain by a worm

Levels and vault maps discovered:
D:1:      lemuel_arrival_behind_the_door_small, layout_rooms, minmay_octomino_e4
D:2:      layout_loops_ring, xom_redecorated, lemuel_round_altar, first_ration,
          uniq_sigmund
D:3:      layout_basic, lemuel_statue_altar

Skill      XL: |  1  2  3  4  5  6 |
---------------+-------------------+-----
Stealth        | 1 2 4 5 |  5.0
Dodging        | 5 6 |  6.6
Evocations     | 2 3 |  3.4
Short Blades   | 4 |  4.9
Slings         | 1 |  1.0
Fighting       | |  2.4

Action                   |  1- 3 |  4- 6 || total
-------------------------+-------+-------++-------
Melee: Short sword       |    93 |    60 ||   153
 Fire: Hunting sling     |       |    90 ||    90
Throw: Dart              |    31 |    10 ||    41
       Stone             |     1 |       ||     1
Invok: Trog's Hand       |     1 |       ||     1
Evoke: Wand              |       |     1 ||     1
 Stab: Sleeping          |     1 |     1 ||     2
Armor: Animal skin       |     5 |     2 ||     7
Dodge: Dodged            |    71 |    87 ||   158

Table legend:
 A = Non-vault XP
 B = Vault XP
 C = Vault XP percentage of total XP
 D = Non-vault monster count
 E = Vault monster count
 F = Vault count percentage of total count
                 A         B        C        D         E       F
            +---------+---------+-------+---------+---------+-------
      Total |     304 |     225 |  42.5 |      53 |       4 |   7.0
            +---------+---------+-------+---------+---------+-------
        D:1 |      10 |       5 |  33.3 |       7 |       3 |  30.0
        D:2 |     217 |     220 |  50.3 |      29 |       1 |   3.3
        D:3 |      77 |       0 |   0.0 |      17 |       0 |   0.0
            +---------+---------+-------+---------+---------+-------
